 Dungeon Crawl Stone Soup version 0.29-a0-419-g77450f2105 (webtiles) character file.

Game seed: 16626697882517517057

262 KhasaRR the Slasher (level 5, -4/41 HPs)
             Began as a Demonspawn Berserker on May 18, 2022.
             Was a Believer of Trog.
             Killed from afar by an electric eel (11 damage)
             ... with a bolt of electricity
             ... on level 3 of the Dungeon.
             The game lasted 00:09:54 (2892 turns).

KhasaRR the Slasher (Demonspawn Berserker)          Turns: 2892, Time: 00:09:55

Health: -4/41      AC: 16    Str: 20    XL:     5   Next: 97%
Magic:  5/5        EV:  6    Int:  8    God:    Trog [**....]
Gold:   174        SH:  0    Dex: 12    Spells: 4/4 levels left

rFire   + . .      SeeInvis .   a - +0 falchion
rCold   . . .      Faith    .   (no shield)
rNeg    . . .      Spirit   .   i - +2 plate armour {rF+}
rPois   .          Reflect  .   k - +0 helmet
rElec   .          Harm     .   (no cloak)
rCorr   .          Rampage  .   (no gloves)
Will    .....                   (no boots)
Stlth   ..........              (no amulet)
HPRegen 0.13/turn               (no ring)
MPRegen 0.09/turn               (no ring)

@: no status effects
A: thin metallic scales 1, ignite blood 2, demonic touch 1
a: Renounce Religion, Berserk, Trog's Hand


You were on level 3 of the Dungeon.
You worshipped Trog.
Trog was pleased with you.
You visited 1 branch of the dungeon, and saw 3 of its levels.

You collected 174 gold pieces.

Inventory:

Hand Weapons
 a - a +0 falchion (weapon)
Armour
 b - a +0 animal skin
 e - a +0 scale mail
 i - a +2 plate armour of fire resistance (worn)
 k - a +0 helmet (worn)
 n - a +0 chain mail
Wands
 r - a wand of flame (10)
Scrolls
 f - a scroll of magic mapping {unknown}
 g - 3 scrolls of vulnerability
 h - 2 scrolls of poison
 j - a scroll of silence {unknown}
 p - a scroll of immolation {unknown}
 q - a scroll of fear {unknown}
Potions
 c - 2 potions of flight
 d - a potion of curing
 l - a potion of lignification {unknown}
 m - 2 potions of heal wounds
 o - a potion of degeneration {unknown}


   Skills:
 + Level 3.5 Fighting
 + Level 4.4 Long Blades
 * Level 3.0 Armour
 * Level 3.1 Dodging
 + Level 0.2 Stealth


You had 4 spell levels left.
You didn't know any spells.
Your spell library was empty.

Dungeon Overview and Level Annotations

Branches:
Dungeon (3/15)

Altars:
Fedhas


Innate Abilities, Weirdness & Mutations

You are partially covered in thin metallic scales. (AC +2)
Your demonic aura often causes spilled blood to erupt in flames.
Your touch may inflict minor irresistible damage on your foes.


Message History

a +0 falchion; a +0 leather armour; an orc corpse
Things that are here:
a +0 dagger; a +0 robe You now have 162 gold pieces (gained 8).
Things that are here:
a +0 mace; a +0 leather armour; a +0 dagger
Items here: )) [ ††.
Things that are here:
a +0 hand axe; an orc corpse You now have 174 gold pieces (gained 12).
You see here a +0 club.
Found a stone staircase leading down.
Found a stone staircase leading up.
Found a stone staircase leading down.
Found a transporter.
Found a wand of flame (10) and a dagger.
A jackal comes into view.
The jackal barks!
You hear a bark!
A jackal comes into view. x2
There is a transporter here.
You enter the transporter and appear at another place.
The jackal barks! x2
r - a wand of flame (10) As you open the door, it creaks loudly!
The electric eel shoots out a bolt of lightning at you!
The bolt of electricity hits you!
Found a scroll labelled VEILILYMP.
The electric eel shoots out a bolt of lightning at you!
The bolt of electricity hits you. x2; The bolt of electricity hits the plant!
The plant begins to die.
The electric eel shoots out a bolt of lightning at you!
The bolt of electricity hits you. x2; The bolt of electricity hits the plant!
The plant begins to die.
The electric eel shoots out a bolt of lightning at you!
The bolt of electricity hits you!
* * * LOW HITPOINT WARNING * * *
There is an open door here.
The electric eel shoots out a bolt of lightning at you!
The bolt of electricity hits you!
You die...

.........##..#≈...≈#....
.).......##..#≈.?.≈#....
)........##..#≈...≈#..#
)).......##..#≈.⌠.S#..#.
.........##..#≈...≈#....
)........##..#S...≈#h...
.........##..#S...S#h...
.........##..###'###h.#
.........##..#P.@.P#h)#
.........##..#8.©.8#..#
.........##..#######g.#
.........##.....©.....##
.........##...#.........
.........####.##...#....
.........# #..#.###....
.........# #..#.# ...
.........# #.>#.# ##


You could see 4 electric eels, 4 jackals and a goblin.

Vanquished Creatures
  Natasha (thrice) (D:2)
  2 orc wizards (D:3)
  4 adders
  2 worms (D:2)
  A dart slug (D:2)
  13 orcs (D:3)
  7 endoplasms
  2 giant cockroaches (D:2)
  8 goblins
  4 hobgoblins
  9 jackals
  6 kobolds
  5 quokkas
  3 ball pythons (D:1)
  4 bats
  5 frilled lizards
  2 rats
80 creatures vanquished.

Notes
Turn   | Place    | Note
-------+----------+-------------------------------------------
     0 | D:1      | KhasaRR the Demonspawn Berserker began the quest for the
                  | Orb.
     0 | D:1      | Reached XP level 1. HP: 18/18 MP: 1/1
   267 | D:1      | Gained mutation: You are partially covered in thin metallic
                  | scales. (AC +2) [demonic ancestry]
   267 | D:1      | Reached XP level 2. HP: 24/24 MP: 2/2
   460 | D:1      | Found a faded altar of an unknown god.
   472 | D:1      | Reached skill level 3 in Long Blades
  1045 | D:1      | Gained mutation: Your demonic aura sometimes causes spilled
                  | blood to erupt in flames. [demonic ancestry]
  1045 | D:1      | Reached XP level 3. HP: 29/29 MP: 3/3
  1051 | D:1      | Reached ** piety under Trog
  1902 | D:2      | Noticed Natasha
  1909 | D:2      | Killed Natasha
  1910 | D:2      | Gained mutation: Your demonic aura often causes spilled
                  | blood to erupt in flames. [demonic ancestry]
  1910 | D:2      | Reached XP level 4. HP: 35/35 MP: 4/4
  2276 | D:2      | Noticed Natasha
  2282 | D:2      | Killed Natasha
  2283 | D:2      | Reached skill level 4 in Long Blades
  2302 | D:2      | Noticed Natasha
  2310 | D:2      | Killed Natasha
  2311 | D:2      | Gained mutation: Your touch may inflict minor irresistible
                  | damage on your foes. [demonic ancestry]
  2311 | D:2      | Reached XP level 5. HP: 31/41 MP: 5/5
  2739 | D:3      | Found a blossoming altar of Fedhas.
  2879 | D:3      | Found a transporter.
  2892 | D:3      | Killed from afar by an electric eel

Illustrated notes

Levels and vault maps discovered:
D:1:      lightli_arrival_maybe_door_vault, layout_loops_corners,
          basic_ecumenical_altar
D:2:      layout_rooms, minmay_misc_feat_square, uniq_natasha
D:3:      gammafunk_steamed_eel, layout_basic, overflow_temple_1_default,
          nicolae_dithmenos_through_a_glass_darkly

Skill      XL: |  1  2  3  4  5 |
---------------+----------------+-----
Dodging        | 2 3 |  3.1
Long Blades    | 3 4 |  4.4
Armour         | 2 3 |  3.0
Fighting       | |  3.5
Stealth        | |  0.2

Action                   |  1- 3 |  4- 6 || total
-------------------------+-------+-------++-------
Melee: Falchion          |   142 |    86 ||   228
       Punch             |       |     2 ||     2
       Touch             |       |     5 ||     5
Invok: Berserk           |     3 |     4 ||     7
  Use: Scroll            |     2 |     4 ||     6
       Potion            |       |     1 ||     1
Armor: Animal skin       |     9 |       ||     9
       Scale mail        |    46 |    11 ||    57
       Chain mail        |       |    45 ||    45
       Plate armour      |       |    12 ||    12
Dodge: Dodged            |    96 |    50 ||   146

Table legend: (Time is in decaauts)
 A = Elapsed time spent in this place.
 B = Non-inter-level travel time spent in this place.
 C = Inter-level travel time spent in this place.
 D = Time resting spent in this place.
 E = Time spent auto-exploring this place.
 F = Levels seen in this place.
 G = Mean time per level.
                   A        B        C        D        E       F      G
               +--------+--------+--------+--------+--------+-----+--------+
         Total |   2979 |   2843 |    136 |     92 |   2152 |   3 |  993.0 |
       Dungeon |   2979 |   2843 |    136 |     92 |   2152 |   3 |  993.0 |
               +--------+--------+--------+--------+--------+-----+--------+

Top non-repeatable levels by time:
     D:1: 1463 daAuts
     D:2: 1114 daAuts
     D:3: 401 daAuts
